AoeStats
← waLLefps.

Arena

507722619Analyzed
4v4 RM · 12d ago on Sep 19, 2026· 55m 14s· 8 players
Game mode
Random Map
Map size
Large (8 player)
Population
200
Speed
Normal
Resources
Standard
Victory
Conquest
Starting age
Dark Age
Ending age
Imperial Age
RankedLock teamsTeams togetherTeam positionsShared explorationLock speedFull tech treeHidden civsTurbo modeCheats
Victory
Defeat
🇫🇷 Poles · France
1495
+13
🇹🇷 Mongols · Türkiye
1473
+14
🇹🇷 Malay · Türkiye
1455
+15
🇨🇭 Bohemians · Switzerland
1388
+17
🇳🇱 Slavs · Netherlands
1446
-16
🇳🇴 Romans · Norway
1434
-15
🇩🇰 Ethiopians · Denmark
1430
-15
1394
-13
pac.Padawan NL
10:33 Feudal Age
12:06 Double-Bit Axe
14:34 Castle Age
12:53 Horse Collar
15:43 Bow Saw
20:15 Wheelbarrow
21:57 Heavy Plow
23:12 Gold Mining
24:36 Hand Cart
24:20 Loom
29:29 Imperial Age
26:54 Pikeman
27:34 Squires
28:50 Scale Mail Armor
29:00 Forging
30:34 Chain Mail Armor
30:55 Conscription
30:16 Capped Ram
30:41 Halberdier
31:18 Man-at-Arms
32:01 Druzhina
31:30 Heavy Scorpion
32:58 Siege Engineers
32:17 Long Swordsman
34:24 Two-Man Saw
34:01 Fortified Wall
33:32 Two-Handed Swordsman
35:15 Champion
37:34 Plate Mail Armor
37:39 Iron Casting
38:30 Iron Casting
40:46 Blast Furnace
40:27 Siege Ram
48:58 Scale Barding Armor
49:06 Bloodlines
48:17 Light Cavalry
48:58 Husbandry
49:01 Hussar
50:31 Chain Barding Armor
52:00 Fletching
52:45 Plate Barding Armor
WalfTheWolf
10:58 Feudal Age
11:48 Double-Bit Axe
11:44 Horse Collar
15:09 Castle Age
20:18 Bow Saw
23:44 Wheelbarrow
23:08 Loom
25:02 Hand Cart
24:41 Gold Mining
25:20 Town Watch
25:17 Light Cavalry
29:10 Imperial Age
28:11 Fletching
27:43 Crossbowman
28:39 Thumb Ring
29:16 Heavy Plow
29:33 Squires
30:59 Chemistry
30:20 Bodkin Arrow
30:38 Caravan
31:24 Ballistics
31:03 Arbalester
32:25 Conscription
32:24 Padded Archer Armor
32:45 Town Patrol
32:57 Masonry
33:30 Bracer
37:04 Architecture
37:08 Leather Archer Armor
37:19 Husbandry
36:48 Capped Ram
37:03 Halberdier
38:22 Siege Ram
39:42 Torsion Engines
42:00 Gold Shaft Mining
41:15 Stone Mining
42:19 Forging
42:09 Scale Mail Armor
44:05 Ring Archer Armor
46:51 Chain Mail Armor
50:13 Two-Man Saw
51:27 Siege Engineers
51:53 Elite Skirmisher
Snavle
10:59 Feudal Age
14:25 Castle Age
13:06 Double-Bit Axe
13:02 Horse Collar
22:44 Scale Barding Armor
24:34 Forging
25:35 Gold Mining
26:02 Husbandry
28:26 Chain Barding Armor
29:37 Loom
30:28 Wheelbarrow
31:28 Ballistics
33:42 Imperial Age
32:00 Wheelbarrow
31:11 Town Watch
31:37 Heavy Plow
31:40 Scale Mail Armor
31:52 Bow Saw
32:03 Light Cavalry
32:53 Bloodlines
33:17 Hand Cart
34:34 Man-at-Arms
35:14 Squires
35:44 Siege Engineers
37:04 Chemistry
36:53 Ballistas
36:28 Heavy Scorpion
38:00 Iron Casting
38:32 Plate Barding Armor
38:30 Cavalier
39:48 Caravan
40:03 Fortified Wall
44:03 Blast Furnace
43:58 Crop Rotation
42:56 Long Swordsman
44:35 Gold Shaft Mining
43:53 Stone Mining
52:09 Fletching
53:40 Bodkin Arrow
ITA | CivettaAviotrasportata
6:27 Loom
9:33 Feudal Age
9:34 Man-at-Arms
10:44 Arson
12:05 Fletching
13:09 Double-Bit Axe
25:07 Castle Age
27:26 Yasama
27:26 Bodkin Arrow
27:34 Stone Mining
27:47 Gold Mining
28:54 Bow Saw
29:17 Horse Collar
30:15 Guard Tower
34:14 Imperial Age
32:28 Masonry
32:00 Treadmill Crane
32:57 Ballistics
34:10 Wheelbarrow
33:22 Town Watch
36:06 Fortified Wall
36:57 Chemistry
36:17 Bracer
37:59 Gold Shaft Mining
37:43 Arrowslits
40:39 Hand Cart
44:56 Padded Archer Armor
46:30 Leather Archer Armor
49:01 Two-Man Saw
48:02 Heavy Plow
48:40 Gold Shaft Mining
52:59 Ring Archer Armor
52:12 Treadmill Crane
53:16 Siege Engineers
52:42 Elite Skirmisher
54:35 Thumb Ring
54:09 Onager
[H A R D] postrusher
10:50 Feudal Age
15:04 Castle Age
14:26 Double-Bit Axe
14:22 Horse Collar
16:25 Bow Saw
16:17 Heavy Plow
20:47 Town Watch
22:46 Wheelbarrow
22:33 Loom
24:34 Fervor
24:45 Sanctity
24:53 Town Patrol
25:57 Hand Cart
27:31 Squires
26:52 Pikeman
30:08 Imperial Age
28:01 Scale Mail Armor
28:12 Forging
27:52 Fletching
30:59 Chemistry
30:20 Ballistics
30:11 Masonry
30:20 Chain Mail Armor
30:44 Halberdier
32:23 Plate Mail Armor
32:30 Iron Casting
31:58 Padded Archer Armor
31:53 Bodkin Arrow
33:16 Siege Engineers
34:24 Man-at-Arms
34:41 Elite Skirmisher
36:47 Two-Man Saw
37:11 Bracer
37:28 Leather Archer Armor
39:54 Ring Archer Armor
40:25 Blast Furnace
44:03 Conscription
44:26 Elite Hussite Wagon
45:20 Guilds
47:48 Architecture
47:39 Bombard Tower
47:15 Murder Holes
47:01 Treadmill Crane
47:16 Houfnice
51:06 Scale Barding Armor
51:07 Capped Ram
klostrofobikköstebek
10:36 Feudal Age
14:25 Castle Age
12:51 Double-Bit Axe
12:48 Horse Collar
15:14 Heavy Plow
16:38 Wheelbarrow
17:38 Loom
22:15 Bow Saw
25:56 Hand Cart
26:15 Padded Archer Armor
26:06 Fletching
29:57 Imperial Age
27:28 Gold Mining
27:29 Stone Mining
28:53 Ballistics
29:58 Leather Archer Armor
29:39 Bodkin Arrow
30:07 Husbandry
30:18 Bloodlines
31:59 Chemistry
31:26 Bracer
31:46 Thumb Ring
32:56 Gold Shaft Mining
32:57 Stone Shaft Mining
33:05 Elite Mangudai
34:06 Conscription
35:53 Drill
36:02 Onager
39:30 Siege Onager
40:48 Siege Engineers
42:03 Coinage
43:36 Banking
45:58 Heavy Scorpion
47:06 Capped Ram
48:36 Siege Ram
51:05 Murder Holes
waLLefps.
11:50 Feudal Age
10:19 Loom
12:28 Feudal Age
12:42 Double-Bit Axe
15:03 Town Watch
16:08 Fletching
21:42 Castle Age
39:07 Bow Saw
39:45 Horse Collar
41:10 Heavy Plow
42:38 Wheelbarrow
42:53 Stone Mining
44:32 Gold Mining
46:12 Hand Cart
51:22 Imperial Age
48:19 Pikeman
49:00 Squires
48:45 Arson
49:22 Forging
49:08 Bodkin Arrow
51:05 Iron Casting
50:46 Masonry
50:32 Murder Holes
50:58 Ballistics
50:29 Elite Karambit Warrior
52:41 Conscription
51:48 Man-at-Arms
52:34 Halberdier
52:36 Long Swordsman
53:24 Two-Handed Swordsman
54:05 Forced Levy
JOK3R_LSR
11:15 Feudal Age
14:47 Castle Age
12:57 Horse Collar
20:17 Stone Mining
21:02 Double-Bit Axe
21:59 Heavy Plow
22:55 Gold Mining
27:49 Imperial Age
25:55 Wheelbarrow
26:23 Szlachta Privileges
26:29 Szlachta Privileges
26:33 Scale Barding Armor
26:39 Forging
27:44 Chain Barding Armor
28:14 Bloodlines
28:04 Husbandry
28:56 Iron Casting
27:54 Cavalier
28:28 Loom
29:14 Hand Cart
29:52 Bow Saw
29:31 Town Watch
31:44 Blast Furnace
31:54 Fletching
34:28 Lechitic Legacy
34:29 Conscription
34:23 Town Patrol
34:20 Bodkin Arrow
34:28 Scale Mail Armor
35:19 Stone Shaft Mining
36:15 Chain Mail Armor
36:15 Elite Obuch
37:48 Plate Mail Armor
36:51 Light Cavalry
38:34 Hoardings
41:14 Winged Hussar
44:12 Bodkin Arrow
45:31 Ballistics
46:12 Chemistry
45:24 Masonry
45:17 Bracer
54:26 Murder Holes
Connection lost

Rejoining the realm…

Still unreachable

The connection could not be restored.

Session expired

The server has moved on; the page needs a fresh start.